 Dungeon Crawl Stone Soup version 0.17-a0-2098-gf59d6bc (webtiles) character file.

57 4thArraOfDagon the Firebug (level 3, 1/19 HPs)
             Began as a Deep Elf Fire Elementalist on Oct 17, 2015.
             Was an Initiate of Sif Muna.
             Quit the game on level 4 of the Dungeon.
             The game lasted 00:02:18 (392 turns).

4thArraOfDagon the Firebug (DEFE)                    Turns: 392, Time: 00:02:18

Health: 1/19       AC:  2    Str:  5    XL:     3   Next: 73%
Magic:  6/10       EV: 13    Int: 20    God:    Sif Muna [......]
Gold:   43         SH:  0    Dex: 15    Spells: 2 memorised, 5 levels left

rFire  . . .     SeeInvis .     d - +0 hand axe
rCold  . . .     Clarity  .     a - +0 robe
rNeg   . . .     SustAt   .     (no shield)
rPois  .         Gourm    .     (no helmet)
rElec  .         Spirit   .     (no cloak)
rCorr  .         Warding  .     (no gloves)
rMut   .         Stasis   .     (no boots)
MR     .....                    (no amulet)
Stlth  ++........               (no ring)
                                (no ring)

@: lethally poisoned (1 -> -12), not resistant to hostile enchantments,
unstealthy
A: no striking features
a: Renounce Religion


You were on level 4 of the Dungeon.
You worshipped Sif Muna.
Sif Muna was noncommittal.
You were not hungry.

You visited 1 branch of the dungeon, and saw 4 of its levels.

You collected 43 gold pieces.

Inventory:

Hand Weapons
 d - a +0 hand axe (weapon)
Armour
 a - a +0 robe (worn)
Scrolls
 e - a scroll of amnesia {unknown}
 i - a scroll of remove curse {unknown}
Books
 b - a book of Flames

   Spells                             Type                      Level
   a - Flame Tongue                   Conjuration/Fire             1
   b - Throw Flame                    Conjuration/Fire             2
   c - Conjure Flame                  Conjuration/Fire             3
   d - Inner Flame                    Hexes/Fire                   3
   e - Sticky Flame                   Conjuration/Fire             4
   f - Fireball                       Conjuration/Fire             5
 g - a book of the Tempests

   Spells                             Type                      Level
   a - Static Discharge               Conjuration/Air              3
   b - Lightning Bolt                 Conjuration/Air              5
   c - Fireball                       Conjuration/Fire             5
   d - Tornado                        Air                          9
   e - Shatter                        Earth                        9
Comestibles
 c - 3 bread rations
 h - a meat ration


   Skills:
 - Level 2.4 Dodging
 - Level 2.4 Stealth
 + Level 3.6 Spellcasting
 * Level 2.6 Conjurations
 * Level 4.1 Fire Magic
 + Level 0.2 Invocations


You had 5 spell levels left.
You knew the following spells:

 Your Spells              Type           Power        Failure   Level  Hunger
a - Flame Tongue          Conj/Fire      ###..        3%          1    None
b - Conjure Flame         Conj/Fire      ###.....     12%         3    ###....


Dungeon Overview and Level Annotations

Branches:
Dungeon (4/15)
 Temple: D:4-7

Altars:
Dithmenos
Kikubaaqudgha
Sif Muna


Message History

You kill the adder!
Your Fire Magic skill increases to level 4!
You feel sick.
Drink which item? (? for menu, Esc to quit)
It was a potion of poison.
That liquid tasted very nasty...
You are lethally poisoned!
You feel sick. The ogre closely misses you.
Unknown command.
You feel sick.
* * * LOW HITPOINT WARNING * * *
You feel sick.
* * * LOW HITPOINT WARNING * * *
You feel sick.
* * * LOW HITPOINT WARNING * * *
You feel sick.
* * * LOW HITPOINT WARNING * * *
You feel sick.
Unknown command.
Are you sure you want to abandon this character and quit the game? (Confirm with "yes".)

############
#.O........#
#.##@†<....#
#.##.......#
#.##......[...
#†##........%.
#.##.......##.
#.##.....[.#
#.##.##.##.#
#.#.%...# .#
#..O#..(...#


You could see an ogre.

Vanquished Creatures
  4 adders
  A giant gecko (D:1)
  3 orcs (D:3)
  A ball python (D:2)
  2 bats
  3 goblins
  A hobgoblin (D:2)
  2 quokkas
  A kobold (D:3)
  2 rats (D:3)
20 creatures vanquished.

Notes
Turn   | Place    | Note
--------------------------------------------------------------
     0 | D:1      | 4thArraOfDagon the Deep Elf Fire Elementalist began the quest for the Orb.
     0 | D:1      | Reached XP level 1. HP: 10/10 MP: 6/6
    99 | D:2      | Found a shadowy altar of Dithmenos.
   123 | D:2      | Reached XP level 2. HP: 7/15 MP: 2/8
   260 | D:3      | Reached XP level 3. HP: 7/19 MP: 0/10
   265 | D:3      | Learned a level 3 spell: Conjure Flame
   273 | D:3      | Found a deep blue altar of Sif Muna.
   273 | D:3      | Found an ancient bone altar of Kikubaaqudgha.
   283 | D:3      | Became a worshipper of Sif Muna the Loreminder
   374 | D:4      | Noticed an ogre
   385 | D:4      | Reached skill level 4 in Fire Magic
   392 | D:4      | Quit the game

Vault maps used:
D:1:      dpeg_arrival_tiny_a
D:2:      grunt_temple_overflow_forces_of_nature,
          nicolae_dithmenos_shadow_blocks
D:3:      gammafunk_temple_overflow_pools
D:4:      minitemple, first_bread, portal_sewer_entry_a,
          hangedman_abyss_or_decor_slice, okawaru_metal_pillars_1_2,
          uniq_menkaure, uniq_edmund

Action                   || total
-------------------------++-------
Melee: Hand axe          ||    19
 Cast: Flame Tongue      ||    34
  Use: Potion            ||     1
 Stab: Sleeping          ||     2
